 Dungeon Crawl Stone Soup version 0.28-a0-1002-gf00fe891ef (webtiles) character file.

Game seed: 4625284977904874983

138 Umoon2 the Ducker (level 5, -4/41 HPs)
             Began as a Demonspawn Gladiator on Dec 7, 2021.
             Slain by a gnoll (6 damage)
             ... on level 3 of the Dungeon.
             The game lasted 00:03:03 (2713 turns).

Umoon2 the Ducker (Demonspawn Gladiator)            Turns: 2713, Time: 00:03:03

Health: -4/41      AC:  7    Str: 17    XL:     5   Next: 1%
Magic:  5/5        EV: 12    Int: 15    God:
Gold:   97         SH:  0    Dex: 14    Spells: 4/4 levels left

rFire   . . .      SeeInvis .   l - +2 quarterstaff (chaos)
rCold   + . .      Faith    .   (shield currently unavailable)
rNeg    . . .      Spirit   .   g - +0 ring mail
rPois   .          Reflect  .   c - +0 helmet
rElec   .          Harm     .   e - +0 cloak
rCorr   .          Rampage  .   (no gloves)
Will    .....                   (no boots)
Stlth   +.........              (no amulet)
HPRegen 0.13/turn               j - +6 ring of intelligence
MPRegen 0.09/turn               n - ring of protection from cold

@: no status effects
A: hooves 1, ignite blood 1
a: no special abilities


You were on level 3 of the Dungeon.
You visited 1 branch of the dungeon, and saw 4 of its levels.

You collected 97 gold pieces.

Inventory:

Hand Weapons
 a - a +0 rapier
 l - a +2 quarterstaff of chaos (weapon)
Missiles
 d - 3 throwing nets (quivered)
Armour
 b - a +0 leather armour
 c - a +0 helmet (worn)
 e - a +0 cloak (worn)
 g - a +0 ring mail (worn)
Jewellery
 j - a +6 ring of intelligence (left hand)
 n - a ring of protection from cold (right hand)
Scrolls
 f - 2 scrolls of magic mapping {unknown}
 i - a scroll of holy word {unknown}
 m - 2 scrolls of enchant armour {unknown}
Potions
 h - a potion of curing {unknown}
 k - a potion of flight {unknown}
 o - a potion of magic {unknown}


   Skills:
 + Level 3.4 Fighting
 - Level 2.6 Short Blades
 - Level 1.7 Throwing
 + Level 2.2 Armour
 + Level 3.7 Dodging


You had 4 spell levels left.
You didn't know any spells.
Your spell library was empty.

Dungeon Overview and Level Annotations

Branches:
Dungeon (4/15)
 Temple: D:4-7

Altars:

Shops:
D:1 ([   D:3 *


Innate Abilities, Weirdness & Mutations

You have large cloven feet.
Your demonic aura sometimes causes spilled blood to erupt in flames.


Message History

Your feet thicken and deform.
Your ring mail prevents you from hitting the endoplasm.
The gnoll barely misses you. The endoplasm barely misses you.
The gnoll closely misses you.
You hit the endoplasm.
The endoplasm seems to speed up.
You kick the endoplasm.
The endoplasm is severely wounded.
The endoplasm freezes you.
You are frozen.
You resist. The gnoll barely misses you. The endoplasm freezes you.
You are frozen.
You resist. The gnoll hits you with a +0 whip. The gnoll closely misses you.
You sock the endoplasm!
You kill the endoplasm!
The gnoll hits you with a +0 whip. The gnoll barely misses you.
Unknown command.
The gnoll hits you with a +0 whip. x2
* * * LOW HITPOINT WARNING * * *
You hit the gnoll. Your kick misses the gnoll.
The gnoll is lightly wounded.
The gnoll hits you but does no damage. The gnoll hits you with a +0 whip.
* * * LOW HITPOINT WARNING * * *
The gnoll closely misses you.
You hit the gnoll. You freeze the gnoll. You kick the gnoll.
The gnoll is heavily wounded.
The gnoll barely misses you. x2
You completely miss the gnoll.
The gnoll is heavily wounded.
The gnoll hits you with a +0 whip.
* * * LOW HITPOINT WARNING * * *
The gnoll hits you but does no damage. The gnoll hits you with a +0 whip.
* * * LOW HITPOINT WARNING * * *
You hit the gnoll.
The gnoll is poisoned.
The gnoll is heavily wounded.
The gnoll hits you but does no damage. The gnoll hits you with a +0 whip.
* * * LOW HITPOINT WARNING * * *
Unknown command.
You sock the gnoll!
You kill the gnoll!
The gnoll hits you with a +0 whip.
You die...

#.#... .. ..#####.. .#
#...#.#.#.# #... .
#.......#.# #...
####.#.......#.# #..$
.....#.......#.#.####...
.......#..<..#.#........
.....#...#...#.######...
.......)g....#.# #...
.......@)......######...
.#.#.#.##.#.............
#. #.#..####....... #.
#+##.# #...#.#. .. ...
#....∩.. .. .....
#...#.#. ...
....##.##....#. ...
.....# .##....#? ......#
##....#.


You could see a gnoll.

Vanquished Creatures
  Crazy Yiuf (D:2)
  An orc wizard (D:3)
  2 gnolls (D:3)
  2 adders (D:2)
  A worm (D:2)
  A dart slug (D:1)
  3 orcs (D:3)
  5 bats (D:1)
  6 endoplasms
  A giant cockroach (D:2)
  4 goblins
  4 hobgoblins
  2 kobolds (D:3)
  2 quokkas
  5 ball pythons
  4 frilled lizards (D:1)
  7 rats
51 creatures vanquished.

Notes
Turn   | Place    | Note
-------+----------+-------------------------------------------
     0 | D:1      | Umoon2 the Demonspawn Gladiator began the quest for the
                  | Orb.
     0 | D:1      | Reached XP level 1. HP: 16/16 MP: 1/1
   328 | D:1      | Gained mutation: Your demonic aura sometimes causes spilled
                  | blood to erupt in flames. [demonic ancestry]
   328 | D:1      | Reached XP level 2. HP: 17/22 MP: 2/2
   624 | D:1      | Found Xomoumec's Antique Weapon Emporium.
   662 | D:1      | Reached skill level 1 in Armour
   915 | D:1      | Reached XP level 3. HP: 25/28 MP: 3/3
  1101 | D:1      | Found Noxip's Antique Armour Shop.
  1546 | D:2      | Found a faded altar of an unknown god.
  1865 | D:2      | Found a runed translucent door.
  1867 | D:2      | Noticed Crazy Yiuf
  1881 | D:2      | HP: 1/28 [Crazy Yiuf (4)]
  1887 | D:2      | Killed Crazy Yiuf
  1888 | D:2      | Reached XP level 4. HP: 19/35 MP: 0/4
  2299 | D:2      | You fall into a shaft and drop 2 floors!
  2299 | D:4      | Noticed a phantom
  2585 | D:3      | Found Lubrin's General Store.
  2705 | D:3      | Gained mutation: You have large cloven feet. [demonic
                  | ancestry]
  2705 | D:3      | Reached XP level 5. HP: 23/41 MP: 5/5
  2712 | D:3      | HP: 2/41 [gnoll (2)]
  2713 | D:3      | Slain by a gnoll

Illustrated notes

Levels and vault maps discovered:
D:1:      minmay_arrival_radiant_lines, layout_loops_ring, serial_shops, shop,
          nicolae_shop_waterfront
D:2:      layout_basic, serial_shops, shop, dreamdust_ecumenical_altar_grove,
          uniq_crazy_yiuf_cottage
D:3:      layout_basic, serial_shops, shop, nicolae_shop_crystal,
          amcnicky_mini_rare_corridor_liquid, hangedman_decor_clover_reticule
D:4:      layout_basic, serial_corexii_hall, corexii_hall_statues_x,
          corexii_hall_statues_deadend, chequers_hall_statues_corner_a

Skill      XL: |  1  2  3  4 |
---------------+-------------+-----
Dodging        | 3 |  3.7
Armour         | 1 2 |  2.2
Fighting       | 3 |  3.4
Short Blades   | |  2.6
Throwing       | |  1.7

Action                   |  1- 3 |  4- 6 || total
-------------------------+-------+-------++-------
Melee: Rapier            |   129 |       ||   129
       Quarterstaff      |       |    30 ||    30
       Kick              |       |     2 ||     2
  Use: Potion            |     1 |       ||     1
Armor: Leather armour    |    42 |       ||    42
       Ring mail         |     6 |    17 ||    23
Dodge: Dodged            |    79 |    24 ||   103

Table legend: (Time is in decaauts)
 A = Elapsed time spent in this place.
 B = Non-inter-level travel time spent in this place.
 C = Inter-level travel time spent in this place.
 D = Time resting spent in this place.
 E = Time spent auto-exploring this place.
 F = Levels seen in this place.
 G = Mean time per level.
                   A        B        C        D        E       F      G
               +--------+--------+--------+--------+--------+-----+--------+
         Total |   2734 |   2734 |      0 |    536 |   1762 |   4 |  683.5 |
       Dungeon |   2734 |   2734 |      0 |    536 |   1762 |   4 |  683.5 |
               +--------+--------+--------+--------+--------+-----+--------+

Top non-repeatable levels by time:
     D:1: 1258 daAuts
     D:2: 1053 daAuts
     D:3: 393 daAuts
     D:4: 27 daAuts
